[Event "Titled Tuesday Blitz April 18 Late 2023"]
[White "Marek, Matyas"]
[Black "Gonzalez, Francisco Silva"]
[WhiteFideId "335398"]
[BlackFideId "1512285"]
[WhiteElo "2279"]
[BlackElo "2074"]
[Result "1/2-1/2"]
[Round "01"]
[TimeControl "180+2"]
[Date "2023.04.18"]
[WhiteClock "0:01:10"]
[BlackClock "0:01:22"]

1. Nf3 d5 2. g3 g6 3. Bg2 Bg7 4. O-O e5 5. d3 Ne7 6. Nbd2 Nbc6 7. e4 O-O 8. Re1 h6 9. c3 a5 10. a4 Re8 11. Qc2 Be6 12. b3 Qd7 13. Bb2 Kh7 14. Rad1 Rad8 15. exd5 Nxd5 16. Ne4 b6 17. d4 exd4 18. cxd4 Ncb4 19. Qb1 Bf5 20. h3 Rxe4 21. Rxe4 Re8 22. Nd2 Bxe4 23. Nxe4 Re6 24. Nd2 Re2 25. Bf1 Re8 26. Re1 Re6 27. Rxe6 Qxe6 28. Qe4 Qd7 29. Nc4 Kg8 30. Kg2 Qc6 31. Kg1 Kf8 32. Bg2 Bf6 33. Bf3 Kg7 34. Kg2 h5 35. h4 Kf8 36. Bc1 Kg7 37. Bd2 Qd7 38. Ne3 Nxe3+ 39. Bxe3 c6 40. Bd2 Nd5 41. Be2 Qe6 42. Qd3 Kg8 43. Bf3 Kg7 44. Kf1 Qh3+ 45. Kg1 Qe6 46. Kg2 Qd6 47. Qe4 Qe6 48. Qd3 Qd6 49. Qe4 Qe6 1/2-1/2


[Site "https://www.chess.com"]

[Event "Titled Tuesday Blitz April 18 Late 2023"]
[White "KorolDimitriy75"]
[Black "Klukin, Kirill"]
[BlackFideId "24199273"]
[WhiteElo "2388"]
[BlackElo "2344"]
[Result "1-0"]
[Round "01"]
[TimeControl "180+2"]
[Date "2023.04.18"]
[WhiteClock "0:00:06"]
[BlackClock "0:00:36"]

1. d4 d6 2. c4 Nc6 3. Nf3 Bg4 4. e3 Nf6 5. Nc3 e5 6. Be2 g6 7. d5 Ne7 8. e4 Bg7 9. O-O O-O 10. Ne1 Bxe2 11. Qxe2 Nd7 12. Nd3 f5 13. f3 a5 14. Bd2 b6 15. b3 h6 16. a3 Nc5 17. Rab1 g5 18. b4 Nxd3 19. Qxd3 axb4 20. axb4 fxe4 21. fxe4 Qd7 22. Nb5 Ng6 23. g3 Ra2 24. Rxf8+ Bxf8 25. Nc3 Ra3 26. Bc1 Ra8 27. Bd2 Be7 28. Qe2 Qh3 29. Qg2 Qd7 30. Qe2 Kg7 31. Rf1 Qh3 32. Qg2 Qxg2+ 33. Kxg2 Ra3 34. Rb1 h5 35. Rb2 Bd8 36. Kf3 g4+ 37. Ke2 h4 38. Kd3 Ra1 39. Rb1 Ra8 40. Rb2 Be7 41. Ra2 Rf8 42. Ra7 Bd8 43. Ra8 hxg3 44. hxg3 Rf3+ 45. Ke2 Be7 46. Be1 Bg5 47. Rc8 Re3+ 48. Kf2 Rd3 49. Ke2 Kh6 50. Kxd3 Nf4+ 51. gxf4 exf4 52. Ke2 Bf6 53. Nb5 Kg5 54. Rxc7 f3+ 55. Kf1 Kf4 56. Rf7 Kg5 57. Rxf6 Kxf6 58. Bg3 Ke7 59. Kf2 Kd7 60. Bxd6 Kd8 61. Bg3 Ke8 62. d6 Kf7 63. c5 Ke6 64. c6 Kf6 65. d7 Ke6 66. d8=Q Kf7 67. Qd5+ Kg6 68. Qf5+ Kh6 69. Qxg4 Kh7 70. Be5 Kh6 71. Bf6 Kh7 72. Qg7# 1-0


[Site "https://www.chess.com"]

[Event "Titled Tuesday Blitz April 18 Late 2023"]
[White "Hauge, Lars Oskar"]
[Black "Bernat, David"]
[WhiteFideId "1509276"]
[BlackFideId "2099225"]
[WhiteElo "2431"]
[BlackElo "2387"]
[Result "1-0"]
[Round "01"]
[TimeControl "180+2"]
[Date "2023.04.18"]
[WhiteClock "0:01:05"]
[BlackClock "0:00:51"]

1. e4 c5 2. Nc3 g6 3. f4 Bg7 4. Nf3 Nc6 5. Bb5 Nd4 6. O-O a6 7. Bd3 e6 8. Nxd4 cxd4 9. Ne2 Ne7 10. c3 Qb6 11. Kh1 Nc6 12. Bc2 f5 13. d3 O-O 14. e5 d6 15. cxd4 Nxd4 16. exd6 Nxc2 17. Qxc2 Qxd6 18. Be3 Bd7 19. Bc5 Qc6 20. Rac1 Rac8 21. Qd2 Rfe8 22. Bd4 Qd5 23. Bxg7 Kxg7 24. d4 Bb5 25. Nc3 Qd7 26. Rfe1 Bc4 27. Rcd1 Bd5 28. Re5 b5 29. a3 Bb3 30. Rde1 Red8 31. d5 Kg8 32. Rxe6 Bxd5 33. Nxd5 Qxd5 34. Re8+ Rxe8 35. Qxd5+ Kg7 36. Qd7+ Kf8 37. Rxe8+ Rxe8 38. h3 Re7 39. Qc8+ Kf7 40. Qxa6 1-0


[Site "https://www.chess.com"]

[Event "Titled Tuesday Blitz April 18 Late 2023"]
[White "Kaganskiy, Gleb"]
[Black "Gaehwiler, Gabriel"]
[WhiteFideId "4132025"]
[BlackFideId "1314530"]
[WhiteElo "2165"]
[BlackElo "2437"]
[Result "0-1"]
[Round "01"]
[TimeControl "180+2"]
[Date "2023.04.18"]
[WhiteClock "0:01:10"]
[BlackClock "0:00:39"]

1. e4 c5 2. Nf3 d6 3. Bb5+ Bd7 4. Bxd7+ Qxd7 5. c4 Nc6 6. d4 cxd4 7. Nxd4 g6 8. b3 Bg7 9. Bb2 Nf6 10. Nc3 O-O 11. O-O a6 12. Nxc6 Qxc6 13. Nd5 Nxd5 14. exd5 Qc5 15. Bxg7 Kxg7 16. a4 b5 17. cxb5 axb5 18. a5 b4 19. a6 Qb6 20. Qd3 Rfc8 21. Rfe1 Rc3 22. Qe4 Rxb3 23. Qxe7 Rb2 24. Re3 Rxa6 25. Rxa6 Rb1+ 26. Re1 Rxe1+ 27. Qxe1 Qxa6 28. h4 Qc4 29. Qa1+ Qc3 30. Qa6 b3 31. Qxd6 b2 32. h5 b1=Q+ 33. Kh2 gxh5 34. Qg3+ Qxg3+ 35. fxg3 Qf5 36. Kg1 Qxd5 37. Kh2 Kg6 38. Kh1 Kg5 39. Kh2 Kg4 40. Kh1 Kxg3 41. Kg1 Qd1# 0-1


[Site "https://www.chess.com"]

[Event "Titled Tuesday Blitz April 18 Late 2023"]
[White "Hasangatin, Ramil"]
[Black "Liu, Casper"]
[WhiteFideId "4122160"]
[BlackFideId "1454153"]
[WhiteElo "2275"]
[BlackElo "2221"]
[Result "0-1"]
[Round "01"]
[TimeControl "180+2"]
[Date "2023.04.18"]
[WhiteClock "0:00:01"]
[BlackClock "0:00:07"]

1. e4 c5 2. Nf3 d6 3. d4 cxd4 4. Qxd4 Nf6 5. e5 dxe5 6. Qxd8+ Kxd8 7. Nxe5 Be6 8. Be2 Nbd7 9. Bf4 Nxe5 10. Bxe5 Nd7 11. Bg3 f6 12. Nc3 Bf7 13. O-O-O e5 14. Bg4 Be8 15. Rd2 Kc7 16. Nd5+ Kc6 17. Rhd1 Rd8 18. Bf3 Kc5 19. Ne3 g6 20. Bxb7 Bh6 21. Bf3 e4 22. Bxe4 f5 23. Bd6+ Kb6 24. Bf3 Rc8 25. g3 Bf7 26. Bd5 Bxe3 27. fxe3 Bxd5 28. Rxd5 Nf6 29. R5d3 Rhe8 30. Bf4 Ne4 31. Rb3+ Ka6 32. a3 g5 33. Bd6 Rc6 34. Bb4 Rec8 35. c3 h5 36. Rd5 f4 37. exf4 gxf4 38. gxf4 Rg6 39. a4 Rg2 40. Re5 Nd2 41. Ra3 Nc4 42. Re6+ Kb7 43. Ra2 Rd8 44. Re1 Rdd2 45. h4 Nxb2 46. Rxb2 Rxb2 47. Rf1 Ra2 48. Kb1 Rgb2+ 49. Kc1 Rc2+ 50. Kb1 Rab2+ 51. Ka1 Ra2+ 52. Kb1 Rh2 53. Be7 Rab2+ 54. Ka1 Rbe2 55. Bg5 Ra2+ 56. Kb1 Rxa4 0-1


[Site "https://www.chess.com"]

[Event "Titled Tuesday Blitz April 18 Late 2023"]
[White "Rodrigues, Bruno Morado"]
[Black "Yuan, Qingyu"]
[WhiteFideId "2115654"]
[BlackFideId "8609772"]
[WhiteElo "2040"]
[BlackElo "2359"]
[Result "0-1"]
[Round "01"]
[TimeControl "180+2"]
[Date "2023.04.18"]
[WhiteClock "0:00:28"]
[BlackClock "0:00:05"]

1. d4 d5 2. Nc3 Nf6 3. Bg5 h6 4. Bh4 c6 5. Qd3 Nbd7 6. f3 e5 7. dxe5 Nxe5 8. Qd4 Bd6 9. e4 g5 10. Bg3 c5 11. Qa4+ Bd7 12. Bb5 d4 13. Bxd7+ Qxd7 14. Qxd7+ Kxd7 15. Nd5 Nxd5 16. exd5 f5 17. O-O-O f4 18. Bf2 Nc4 19. Ne2 Ne3 20. Bxe3 dxe3 21. Nc3 Rhe8 22. Ne4 Ke7 23. h4 g4 24. fxg4 b6 25. g5 Rh8 26. Rhf1 hxg5 27. Rde1 Rxh4 28. Nxg5 Rg8 29. Ne6 Rxg2 30. Rf3 Rhg4 31. Kd1 Rd2+ 32. Kc1 Rgg2 33. Nxf4 Rxc2+ 34. Kb1 Rxb2+ 35. Kc1 Rbc2+ 36. Kb1 Rb2+ 37. Kc1 Rgc2+ 38. Kd1 Bxf4 39. Rxf4 e2+ 40. Rxe2+ Rxe2 41. Rh4 Red2+ 42. Kc1 Rdc2+ 43. Kd1 Rf2 44. Kc1 Rxa2 45. Kb1 Rae2 46. Re4+ Rxe4 47. d6+ Kxd6 0-1


[Site "https://www.chess.com"]

[Event "Titled Tuesday Blitz April 18 Late 2023"]
[White "Makridis, Dimitrios"]
[Black "Davidson, Kevin"]
[WhiteFideId "25864475"]
[BlackFideId "2056810"]
[WhiteElo "2277"]
[BlackElo "2151"]
[Result "1-0"]
[Round "01"]
[TimeControl "180+2"]
[Date "2023.04.18"]
[WhiteClock "0:00:09"]
[BlackClock "0:00:02"]

1. e4 c5 2. Nf3 d6 3. d4 cxd4 4. Nxd4 Nf6 5. Nc3 a6 6. h3 e6 7. g4 d5 8. exd5 Nxd5 9. Nde2 Bb4 10. Bg2 O-O 11. O-O Nxc3 12. Nxc3 Qc7 13. Qf3 f5 14. Bf4 fxg4 15. Bxc7 gxf3 16. Bh1 Nc6 17. Rad1 Bxc3 18. bxc3 e5 19. Kh2 Bf5 20. Bxf3 Bxc2 21. Bd5+ Kh8 22. Rd2 Bf5 23. Rb2 Nd8 24. Bxe5 Rc8 25. Rg1 Bg6 26. c4 b5 27. cxb5 axb5 28. f4 Nf7 29. Bxf7 Rxf7 30. Rxb5 Rc2+ 31. Rg2 h6 32. Rb6 Rxg2+ 33. Kxg2 Be4+ 34. Kg3 Ra7 35. Rb2 Kh7 36. Kf2 Kg6 37. Ke3 Kf5 38. Bd4 Ra3+ 39. Rb3 Rxb3+ 40. axb3 g5 41. fxg5 hxg5 42. Kf2 g4 43. h4 Kf4 44. Be3+ Kf5 45. Kg3 Bc6 46. h5 Bd7 47. b4 Bc6 48. Kh4 1-0


[Site "https://www.chess.com"]

[Event "Titled Tuesday Blitz April 18 Late 2023"]
[White "Suarez Uriel, Adrian"]
[Black "Oganian, Miran"]
[WhiteFideId "22230874"]
[BlackFideId "4122488"]
[WhiteElo "2331"]
[BlackElo "2323"]
[Result "0-1"]
[Round "01"]
[TimeControl "180+2"]
[Date "2023.04.18"]
[WhiteClock "0:01:05"]
[BlackClock "0:01:00"]

1. e4 e6 2. d4 d5 3. Nc3 Bb4 4. e5 c5 5. a3 Bxc3+ 6. bxc3 Ne7 7. Qg4 Qc7 8. Qxg7 Rg8 9. Qxh7 cxd4 10. Qd3 Nbc6 11. f4 dxc3 12. Nf3 Bd7 13. Be3 Rc8 14. h4 Nf5 15. Bf2 d4 16. h5 Rd8 17. h6 Bc8 18. h7 Rh8 19. g4 Ne3 20. Bxe3 dxe3 21. Qxe3 b6 22. Bb5 a6 23. Bd3 Bb7 24. Kf2 Ne7 25. Kg3 Nd5 26. Qf2 Qe7 27. g5 Qc7 28. Rad1 Ne7 29. Rh6 Nf5+ 30. Bxf5 Rxd1 31. Bd3 Rxd3 32. cxd3 c2 33. g6 fxg6 34. Nd4 c1=Q 35. Nxe6 Qe7 36. Qxb6 Qe1+ 37. Kg4 Qe2+ 38. Kg3 Qg2# 0-1


[Site "https://www.chess.com"]

[Event "Titled Tuesday Blitz April 18 Late 2023"]
[White "Thomforde-Toates, Noah"]
[Black "micke12a"]
[WhiteFideId "30951992"]
[WhiteElo "2741"]
[BlackElo "2370"]
[Result "1-0"]
[Round "01"]
[TimeControl "180+2"]
[Date "2023.04.18"]
[WhiteClock "0:00:40"]
[BlackClock "0:00:02"]

1. e4 c5 2. Nf3 d6 3. Nc3 a6 4. d4 cxd4 5. Nxd4 Nf6 6. Bc4 e6 7. Bb3 b5 8. O-O Be7 9. Re1 O-O 10. a3 Bb7 11. Qf3 Nbd7 12. Bg5 Qb6 13. Rad1 h6 14. Bh4 Ne5 15. Qh3 Rac8 16. Kh1 Nc4 17. Nxe6 fxe6 18. Qxe6+ Rf7 19. e5 Qc6 20. f3 dxe5 21. Rxe5 Qxe6 22. Rxe6 Bc5 23. Rde1 g5 24. Bg3 Kg7 25. Bxc4 bxc4 26. Be5 Rc6 27. Re8 Rc8 28. Rxc8 Bxc8 29. Ne4 Be7 30. Bxf6+ Bxf6 31. Nd6 Bxb2 32. Nxc8 Bxa3 33. Ra1 Rb7 34. h4 Bc5 35. Rxa6 Rb8 36. Rc6 Rb1+ 37. Kh2 Be3 38. Rxc4 Bf4+ 39. g3 Be5 40. hxg5 hxg5 41. Ne7 Rd1 42. Nf5+ Kf6 43. Ne3 Rd2+ 44. Kh3 Bd6 45. Ng4+ 1-0


[Site "https://www.chess.com"]

[Event "Titled Tuesday Blitz April 18 Late 2023"]
[White "Todorovic, Bojan"]
[Black "Spata, German"]
[WhiteFideId "917087"]
[BlackFideId "113026"]
[WhiteElo "2266"]
[BlackElo "2238"]
[Result "0-1"]
[Round "01"]
[TimeControl "180+2"]
[Date "2023.04.18"]
[WhiteClock "0:00:01"]
[BlackClock "0:00:03"]

1. Nf3 Nf6 2. c4 e6 3. g3 d5 4. Bg2 Be7 5. O-O O-O 6. b3 c6 7. Bb2 b6 8. d3 Bb7 9. Nbd2 c5 10. e3 Nc6 11. Qe2 Qc7 12. a3 Rfd8 13. Rac1 Rac8 14. cxd5 Nxd5 15. Nc4 Bf6 16. Rfd1 Qb8 17. Bxf6 Nxf6 18. Qb2 Rd7 19. b4 cxb4 20. axb4 Rcd8 21. b5 Ne7 22. Nfe5 Rc7 23. Bxb7 Qxb7 24. e4 h6 25. Ne3 Rdc8 26. Rxc7 Qxc7 27. N3c4 Rd8 28. Qa3 Nxe4 29. Ra1 Nd6 30. Qxa7 Qxa7 31. Rxa7 Nxc4 32. dxc4 Kf8 33. Nd7+ Ke8 34. Nxb6 Rd1+ 35. Kg2 Nf5 36. c5 Rb1 37. Ra8+ Ke7 38. Nc8+ Kd7 39. c6+ Kc7 40. b6+ Kxc6 41. Ra7 Nd6 42. Nxd6 Kxd6 43. Rxf7 g5 44. b7 Kc6 45. Kf3 h5 46. Ke4 g4 47. Kf4 Rb5 48. Re7 Kd6 49. Rh7 Rf5+ 50. Ke3 Rb5 51. Rxh5 Rxb7 52. Rg5 Rb4 53. Rh5 Ke7 54. Rh4 Kf6 55. Ke2 Kg5 56. Kf1 e5 57. Kg2 Rb2 58. h3 gxh3+ 59. Rxh3 e4 60. Kg1 Kg4 61. Rh4+ Kf5 62. Rf4+ Ke5 63. Kg2 e3 64. Rf8 Rxf2+ 0-1


[Site "https://www.chess.com"]

[Event "Titled Tuesday Blitz April 18 Late 2023"]
[White "Bazeev, German"]
[Black "Ansh M Shah"]
[WhiteFideId "24119350"]
[BlackFideId "25033379"]
[WhiteElo "2466"]
[BlackElo "2084"]
[Result "1-0"]
[Round "01"]
[TimeControl "180+2"]
[Date "2023.04.18"]
[WhiteClock "0:00:36"]
[BlackClock "0:00:38"]

1. c4 Nf6 2. Nc3 e6 3. e4 d5 4. cxd5 exd5 5. e5 d4 6. exf6 dxc3 7. fxg7 cxd2+ 8. Bxd2 Bxg7 9. Bc4 O-O 10. Ne2 Bxb2 11. Rb1 Bg7 12. O-O b6 13. Rb3 Ba6 14. Bxa6 Nxa6 15. Rg3 Kh8 16. Qc2 Nc5 17. Nf4 Qd6 18. Bc3 Bxc3 19. Qxc3+ f6 20. Qf3 Rg8 21. Rxg8+ Rxg8 22. Rd1 Qe5 23. g3 Qe4 24. Qxe4 Nxe4 25. Rd7 Rc8 26. f3 Ng5 27. Kf2 c5 28. h4 c4 29. hxg5 c3 30. Nd5 Kg8 31. Nxf6+ Kf8 32. Nxh7+ Ke8 33. Nf6+ Kf8 34. g6 1-0


[Site "https://www.chess.com"]

[Event "Titled Tuesday Blitz April 18 Late 2023"]
[White "Jodorcovsky Werjivker, Paulo"]
[Black "Begmuratov, Alisher"]
[WhiteFideId "3700305"]
[BlackFideId "14203367"]
[WhiteElo "2120"]
[BlackElo "2387"]
[Result "0-1"]
[Round "01"]
[TimeControl "180+2"]
[Date "2023.04.18"]
[WhiteClock "0:00:16"]
[BlackClock "0:01:11"]

1. e4 c6 2. d4 d5 3. exd5 cxd5 4. Bd3 Nc6 5. c3 Nf6 6. h3 e5 7. dxe5 Nxe5 8. Nf3 Nxd3+ 9. Qxd3 Be7 10. Be3 O-O 11. Nbd2 Be6 12. O-O a6 13. a4 Qd7 14. Nb3 Rae8 15. Nc5 Qc6 16. Ne5 Qc8 17. Nb3 Bd6 18. Nf3 Bxh3 19. gxh3 Qxh3 20. Bc5 Bh2+ 21. Kh1 Bc7+ 22. Kg1 Re4 23. Ne5 Rg4+ 24. Nxg4 Qxd3 25. Nxf6+ gxf6 26. Bxf8 Qh3 27. f4 Qg3+ 28. Kh1 Kxf8 29. Nd4 Bxf4 30. Nf3 Qh3+ 31. Kg1 Be3+ 0-1


[Site "https://www.chess.com"]

[Event "Titled Tuesday Blitz April 18 Late 2023"]
[White "Djordjevic, Vuk"]
[Black "Mickiewicz, Piotr"]
[WhiteFideId "902098"]
[BlackFideId "1114891"]
[WhiteElo "2452"]
[BlackElo "2246"]
[Result "1-0"]
[Round "01"]
[TimeControl "180+2"]
[Date "2023.04.18"]
[WhiteClock "0:00:05"]
[BlackClock "0:00:06"]

1. d4 Nf6 2. Bg5 c5 3. Bxf6 gxf6 4. d5 Qb6 5. Qc1 f5 6. c4 Bg7 7. Nc3 d6 8. e3 Nd7 9. Be2 Nf6 10. Qc2 Ne4 11. Nxe4 fxe4 12. Rb1 Qa5+ 13. Kf1 Qxa2 14. Qxe4 Bd7 15. Nf3 Bf6 16. h3 O-O-O 17. g3 h5 18. Kg2 Qa5 19. Ra1 Qb6 20. Rhb1 Rdg8 21. Qc2 Kc7 22. Nd2 Qb4 23. Rxa7 Ra8 24. Rxa8 Rxa8 25. Bxh5 Be8 26. Ne4 Be5 27. Ng5 Ba4 28. b3 Bd7 29. Bxf7 Ra3 30. h4 Qa5 31. Be6 Be8 32. Qf5 Qc3 33. Nf3 Bf6 34. g4 Ra2 35. g5 Qxe3 36. Rf1 Bc3 37. Qh7 Bg6 38. Qxg6 Kb6 39. Qf5 Bd4 40. Nxd4 Qxd4 41. h5 Qh4 42. Qg4 Qxg4+ 43. Bxg4 1-0


[Site "https://www.chess.com"]

[Event "Titled Tuesday Blitz April 18 Late 2023"]
[White "EsmeraldasAnderson03"]
[Black "Iliaguev, Nisim"]
[BlackFideId "2817276"]
[WhiteElo "2359"]
[BlackElo "2241"]
[Result "1-0"]
[Round "01"]
[TimeControl "180+2"]
[Date "2023.04.18"]
[WhiteClock "0:00:19"]
[BlackClock "0:00:15"]

1. d4 Nf6 2. c4 e6 3. Nf3 Bb4+ 4. Nbd2 O-O 5. e3 c5 6. Be2 cxd4 7. exd4 d5 8. O-O Nc6 9. a3 Be7 10. c5 b6 11. b4 bxc5 12. dxc5 Ne4 13. Bb2 Bf6 14. Bxf6 Nxf6 15. b5 Ne7 16. a4 Qc7 17. Qc2 e5 18. a5 Bf5 19. Qb2 e4 20. Nd4 Qxc5 21. Rfc1 Qd6 22. Nxf5 Nxf5 23. Rc6 Qf4 24. g3 Qg5 25. Nb3 h5 26. Nd4 h4 27. Nxf5 Qxf5 28. Qd4 hxg3 29. hxg3 Rfd8 30. Rc7 e3 31. Qxe3 d4 32. Qd3 Qe5 33. Rac1 Nd5 34. R7c5 Qf6 35. Bf3 Nb4 36. Qb3 Rab8 37. Kg2 d3 38. Qxb4 d2 39. Rd1 Rd4 40. Qc3 Rbd8 41. Rc8 g6 42. Rxd8+ Qxd8 43. a6 Qd6 44. Qc6 Qe7 45. b6 axb6 46. Qb7 Rd7 47. Qxb6 Rd6 48. Qb8+ Kg7 49. a7 Rd8 50. Qb2+ f6 51. a8=Q 1-0


[Site "https://www.chess.com"]

[Event "Titled Tuesday Blitz April 18 Late 2023"]
[White "Riff, Vincent"]
[Black "Lopez Del Alamo, Antonio"]
[WhiteFideId "617776"]
[BlackFideId "2227339"]
[WhiteElo "2369"]
[BlackElo "2175"]
[Result "1-0"]
[Round "01"]
[TimeControl "180+2"]
[Date "2023.04.18"]
[WhiteClock "0:00:40"]
[BlackClock "0:00:17"]

1. e4 c5 2. Nf3 e6 3. Nc3 Nc6 4. Bb5 Nge7 5. O-O a6 6. Bxc6 Nxc6 7. d4 cxd4 8. Nxd4 Nxd4 9. Qxd4 Qc7 10. Be3 b5 11. Rfe1 Bb7 12. Rad1 Bc6 13. Nd5 Qb7 14. Bf4 d6 15. b3 e5 16. Bxe5 dxe5 17. Qxe5+ Be7 18. Qxg7 O-O-O 19. Qxf7 Bc5 20. Qe6+ Kb8 21. Qe5+ Ka7 22. b4 Rhe8 23. Qc3 Bb6 24. Nxb6 Qxb6 25. Rxd8 Rxd8 26. e5 Qb7 27. Qc5+ Ka8 28. f3 Bxf3 29. e6 Bxg2 30. Qg5 Rc8 31. Qxg2 Qxg2+ 32. Kxg2 Rxc2+ 33. Kf3 Rc8 34. Kf4 Re8 35. e7 Kb8 36. Kf5 Kc8 37. Kf6 Kd7 38. Kf7 h5 39. Rd1+ 1-0


[Site "https://www.chess.com"]

[Event "Titled Tuesday Blitz April 18 Late 2023"]
[White "Szyszylo, Rafal"]
[Black "Weetik, Vjacheslav"]
[WhiteFideId "1109626"]
[BlackFideId "4153472"]
[WhiteElo "1951"]
[BlackElo "2469"]
[Result "1/2-1/2"]
[Round "01"]
[TimeControl "180+2"]
[Date "2023.04.18"]
[WhiteClock "0:00:19"]
[BlackClock "0:00:17"]

1. e4 c6 2. d4 d5 3. e5 Bf5 4. Nf3 e6 5. c3 Nd7 6. Be2 Bg6 7. O-O Nh6 8. Re1 c5 9. Nbd2 cxd4 10. cxd4 Nf5 11. Nf1 Bb4 12. Bd2 Qb6 13. a3 Bxd2 14. Qxd2 O-O 15. b4 Rac8 16. Rac1 f6 17. exf6 Nxf6 18. Rxc8 Rxc8 19. Bd3 Nxd4 20. Nxd4 Qxd4 21. Bxg6 Qxd2 22. Bxh7+ Kxh7 23. Nxd2 Rc2 24. Nb3 Ra2 25. Nc5 e5 26. f3 b6 27. Ne6 Rxa3 28. Rxe5 Rb3 29. Rg5 g6 30. Nf8+ Kg7 31. Nxg6 Rxb4 32. Nf4+ Kf7 33. Nxd5 Nxd5 34. Rxd5 a5 35. Rd7+ Ke6 36. Ra7 a4 37. h4 Rxh4 38. g4 b5 39. Rb7 Kd5 40. Rxb5+ Kc4 41. Ra5 Kb4 42. Ra8 a3 43. g5 Rh5 44. f4 Rh4 45. Kg2 Rxf4 46. Kg3 Rf1 47. Kg4 Kb3 48. g6 a2 49. Kg5 a1=Q 50. Rxa1 Rxa1 51. g7 Rg1+ 52. Kf6 Rf1+ 53. Ke7 Rg1 54. Kf7 Rxg7+ 55. Kxg7 1/2-1/2


[Site "https://www.chess.com"]

[Event "Titled Tuesday Blitz April 18 Late 2023"]
[White "Brodowski, Piotr"]
[Black "merinasian"]
[WhiteFideId "1124480"]
[WhiteElo "2351"]
[BlackElo "2357"]
[Result "1-0"]
[Round "01"]
[TimeControl "180+2"]
[Date "2023.04.18"]
[WhiteClock "0:00:51"]
[BlackClock "0:00:29"]

1. Nf3 Nf6 2. c4 e6 3. Nc3 b6 4. g3 Bb7 5. Bg2 Bb4 6. O-O O-O 7. Qb3 a5 8. a3 Bxc3 9. Qxc3 a4 10. d3 d6 11. b3 axb3 12. Qxb3 Nbd7 13. Bb2 Nc5 14. Qc2 Na4 15. Bc1 Qe7 16. e4 Nd7 17. Bg5 f6 18. Be3 e5 19. Nh4 Ndc5 20. f4 Ne6 21. Nf5 Qe8 22. Bh3 Nac5 23. Ra2 Kh8 24. Qd1 g6 25. Nh4 Nd4 26. Bc1 Bc8 27. Bg2 Bd7 28. Raf2 Qe7 29. fxe5 fxe5 30. Bh6 Rxf2 31. Rxf2 Nce6 32. Qf1 Be8 33. Bh3 Rxa3 34. Rf6 g5 35. Bxe6 Nxe6 36. Rxe6 Qxe6 37. Qf8+ Qg8 38. Bg7# 1-0


[Site "https://www.chess.com"]

[Event "Titled Tuesday Blitz April 18 Late 2023"]
[White "Buchenau, Frank"]
[Black "Abdyzhapar, Asylbek"]
[WhiteFideId "4604350"]
[BlackFideId "13800337"]
[WhiteElo "2157"]
[BlackElo "2323"]
[Result "1-0"]
[Round "01"]
[TimeControl "180+2"]
[Date "2023.04.18"]
[WhiteClock "0:00:21"]
[BlackClock "0:00:34"]

1. e4 c6 2. Nf3 d5 3. Nc3 Nf6 4. e5 Ne4 5. Ne2 Qb6 6. d4 c5 7. dxc5 Qxc5 8. Ned4 Bg4 9. Bb5+ Nc6 10. O-O Bxf3 11. Bxc6+ bxc6 12. gxf3 Nf6 13. exf6 gxf6 14. Re1 e6 15. Qd3 Qb6 16. Nxe6 fxe6 17. Rxe6+ Be7 18. Be3 Qxb2 19. Bd4 Qb4 20. Bxf6 Rg8+ 21. Kh1 O-O-O 22. Bxe7 Qf4 23. Rxc6+ Kb8 24. Rb1+ Ka8 25. Bxd8 Rxd8 26. Qxd5 Rxd5 27. Rc8+ Qb8 28. Rcxb8# 1-0


[Site "https://www.chess.com"]

[Event "Titled Tuesday Blitz April 18 Late 2023"]
[White "Kosteniuk, Alexandra"]
[Black "Schuster, Karsten"]
[WhiteFideId "4128125"]
[BlackFideId "4611071"]
[WhiteElo "2453"]
[BlackElo "2294"]
[Result "1-0"]
[Round "01"]
[TimeControl "180+2"]
[Date "2023.04.18"]
[WhiteClock "0:00:25"]
[BlackClock "0:00:41"]

1. d4 d5 2. Nf3 Nf6 3. c4 c6 4. Nc3 a6 5. cxd5 cxd5 6. Bf4 Nc6 7. Rc1 Bg4 8. Ne5 Bd7 9. e3 e6 10. Bd3 Be7 11. O-O O-O 12. Bg3 Rc8 13. f4 b5 14. Bb1 g6 15. Bf2 Na5 16. g4 b4 17. Ne2 Rxc1 18. Nxc1 Bb5 19. Re1 Nc4 20. Ncd3 Ne4 21. Bg3 Bh4 22. g5 Bxg3 23. hxg3 Nxg3 24. Nxb4 Nxe5 25. dxe5 Nf5 26. Kf2 h5 27. Bxf5 exf5 28. Nxd5 Qa8 29. Nf6+ Kg7 30. Qf3 Bc6 31. Qe2 Rh8 32. e6 Bh1 33. Kg1 fxe6 34. Rc1 Rf8 35. Rc7+ Rf7 36. Qc2 Qf3 37. Rxf7+ Kxf7 38. Qc7+ Kf8 39. Qd8+ Kf7 40. Qe8+ Kg7 41. Qg8# 1-0


[Site "https://www.chess.com"]

[Event "Titled Tuesday Blitz April 18 Late 2023"]
[White "Ozalp, Burak"]
[Black "Djokic, Mihailo"]
[WhiteFideId "6314210"]
[BlackFideId "976440"]
[WhiteElo "2106"]
[BlackElo "2294"]
[Result "0-1"]
[Round "01"]
[TimeControl "180+2"]
[Date "2023.04.18"]
[WhiteClock "0:00:05"]
[BlackClock "0:00:32"]

1. Nf3 Nf6 2. c4 g6 3. Nc3 Bg7 4. e4 O-O 5. d4 d6 6. Be2 e5 7. Be3 Ng4 8. Bg5 f6 9. Bh4 g5 10. Bg3 Nh6 11. O-O Nc6 12. d5 Nd4 13. Nxd4 exd4 14. Nb5 f5 15. f4 fxe4 16. Nxd4 Qf6 17. Ne6 Bxe6 18. dxe6 gxf4 19. Bxf4 Qxe6 20. Qd5 Qxd5 21. cxd5 Nf5 22. Rac1 Rf7 23. Bh5 Bd4+ 24. Kh1 Rg7 25. g4 Nh4 26. Bh6 Rd7 27. Rc4 Bxb2 28. Rxe4 Bg7 29. Bg5 Ng6 30. Re6 Rf8 31. Rxf8+ Bxf8 32. Bxg6 hxg6 33. Rxg6+ Rg7 34. Rxg7+ Kxg7 35. h4 c6 36. dxc6 bxc6 37. Kg2 d5 38. Kf3 Kg6 39. Be3 c5 40. h5+ Kf6 41. g5+ Kf5 42. g6 d4 43. Bf4 c4 44. Bd6 Bg7 45. Bc5 c3 46. Ke2 Ke4 47. Bxd4 Kxd4 48. Kd1 Kd3 49. a4 c2+ 0-1


[Site "https://www.chess.com"]

[Event "Titled Tuesday Blitz April 18 Late 2023"]
[White "Matinian, Nikita"]
[Black "Hoffmann, Asa"]
[WhiteFideId "24129100"]
[BlackFideId "2001470"]
[WhiteElo "2422"]
[BlackElo "2117"]
[Result "1-0"]
[Round "01"]
[TimeControl "180+2"]
[Date "2023.04.18"]
[WhiteClock "0:00:37"]
[BlackClock "0:00:52"]

1. e4 d6 2. d4 Nf6 3. Nc3 c6 4. Nf3 Bg4 5. h3 Bh5 6. Be3 e6 7. Be2 d5 8. e5 Nfd7 9. Nd2 Bg6 10. f4 h5 11. O-O c5 12. Nb5 cxd4 13. Nxd4 Nc6 14. c3 Bc5 15. N2b3 Bxd4 16. Nxd4 Nxd4 17. Bxd4 a6 18. a4 Nb8 19. a5 Nc6 20. Bb6 Qe7 21. Ra4 Rc8 22. Kh2 h4 23. Bg4 O-O 24. Bf2 Bf5 25. Qe1 Bxg4 26. hxg4 f6 27. Bxh4 Qf7 28. exf6 gxf6 29. f5 e5 30. g5 Qh5 31. gxf6 Kf7 32. g4 Qxh4+ 33. Qxh4 Rh8 34. g5 e4 35. g6+ Kg8 36. Qxh8+ Kxh8 37. Kg3 Kg8 38. Rh1 e3 39. Rah4 1-0


[Site "https://www.chess.com"]

[Event "Titled Tuesday Blitz April 18 Late 2023"]
[White "mohsengabr2002"]
[Black "Manukyan, Sargis A."]
[BlackFideId "13303970"]
[WhiteElo "2353"]
[BlackElo "2187"]
[Result "0-1"]
[Round "01"]
[TimeControl "180+2"]
[Date "2023.04.18"]
[WhiteClock "0:01:15"]
[BlackClock "0:01:00"]

1. e4 c5 2. d3 d5 3. Nd2 d4 4. g3 Nc6 5. Bg2 e5 6. Ngf3 Bd6 7. O-O Nf6 8. c3 O-O 9. cxd4 cxd4 10. Ne1 Bg4 11. f3 Bh5 12. a3 b5 13. b4 a5 14. bxa5 Nxa5 15. a4 b4 16. Nb3 Nxb3 17. Qxb3 Qa5 18. Bd2 Rfc8 19. Nc2 Rab8 20. Rfb1 Nd7 21. Nxb4 Nc5 22. Qd5 Qc7 23. Rc1 Qd7 24. a5 Kh8 25. a6 f6 26. a7 Ra8 27. Qa2 Bf7 28. Qb2 Nb3 29. Rxc8+ Qxc8 30. Ra6 Bxb4 31. Rb6 Bxd2 32. Rxb3 Bxb3 33. Qxb3 Be3+ 0-1


[Site "https://www.chess.com"]

[Event "Titled Tuesday Blitz April 18 Late 2023"]
[White "Skvortsov, Andrei"]
[Black "Szente Varga, Fruzsina"]
[WhiteFideId "24108600"]
[BlackFideId "712264"]
[WhiteElo "2259"]
[BlackElo "1994"]
[Result "0-1"]
[Round "01"]
[TimeControl "180+2"]
[Date "2023.04.18"]
[WhiteClock "0:01:00"]
[BlackClock "0:00:16"]

1. e4 e5 2. d4 exd4 3. Qxd4 Nc6 4. Qd3 Nf6 5. Nc3 Bb4 6. Bd2 O-O 7. O-O-O Re8 8. Nge2 Ne5 9. Qg3 d6 10. f4 Nc4 11. a3 Nxd2 12. Rxd2 Bxc3 13. Nxc3 Rxe4 14. Bd3 Re8 15. h3 d5 16. Re1 Rxe1+ 17. Qxe1 c6 18. g4 b5 19. g5 Nd7 20. Qh4 Nf8 21. f5 a5 22. f6 Qb6 23. fxg7 Ng6 24. Qd4 Qxd4 25. Bxg6 Qg1+ 26. Rd1 Qxg5+ 0-1


[Site "https://www.chess.com"]